 Dungeon Crawl Stone Soup version 0.23.2-33-g5129a83184 (webtiles) character file.

Game seed: 11245103337561054834

62 ANON1729 the Skirmisher (level 3, -6/29 HPs)
             Began as a Demonspawn Monk on Aug 11, 2019.
             Mangled by an orc priest
             ... wielding a +0 club
              (7 damage)
             ... on level 3 of the Dungeon.
             The game lasted 00:02:12 (2068 turns).

ANON1729 the Skirmisher (Demonspawn Monk)           Turns: 2068, Time: 00:02:13

Health: -6/29      AC:  4    Str: 11    XL:     3   Next: 85%
Magic:  3/3        EV: 13    Int: 12    God:
Gold:   169        SH:  0    Dex: 15    Spells: 2/2 levels left

rFire    + . .     SeeInvis .   a - +0 spear
rCold    + + .     Gourm    .   (no shield)
rNeg     . . .     Faith    .   b - +0 robe
rPois    .         Spirit   .   (no helmet)
rElec    .         Reflect  .   d - scarf {rC+ rF+}
rCorr    .         Harm     .   (no gloves)
MR       .....                  (no boots)
Stlth    ++........             (no amulet)
HPRegen  0.09/turn              (no ring)
MPRegen  0.08/turn              (no ring)

@: no status effects
A: slimy green scales 1, cold resistance 1
a: no special abilities


You were on level 3 of the Dungeon.
You were hungry.

You visited 1 branch of the dungeon, and saw 3 of its levels.

You collected 169 gold pieces.

Inventory:

Hand Weapons
 a - a +0 spear (weapon)
Armour
 b - a +0 robe (worn)
 d - a scarf of resistance (worn)
Jewellery
 o - an uncursed amulet of rage {unknown}
Scrolls
 e - 5 scrolls of identify {unknown}
 g - a scroll of fear {unknown}
 h - 5 scrolls of enchant armour {unknown}
 i - a scroll of remove curse {unknown}
 k - a scroll of teleportation {unknown}
 l - a scroll of fog {unknown}
 m - a scroll of amnesia {unknown}
Potions
 f - a potion of resistance {unknown}
 j - 2 potions of brilliance {unknown}
 n - 2 potions of agility {unknown}
 p - a potion of magic {unknown}
Comestibles
 c - 3 rations


   Skills:
 + Level 3.5 Fighting
 + Level 3.1 Polearms
 + Level 3.2 Dodging
 + Level 2.4 Stealth


You had 2 spell levels left.
You didn't know any spells.
Your spell library was empty.

Dungeon Overview and Level Annotations

Branches:
Dungeon (3/15)

Altars:

Annotations:
D:3 Grinder


Innate Abilities, Weirdness & Mutations

You are partially covered in slimy green scales. (AC +2)
Your flesh is cold resistant. (rC+)


Message History

The orc wizard is healed somewhat.
You barely miss the orc. The orc hits you but does no damage.
You hit the orc priest but do no damage.
The orc hits you with a +0 dagger. The orc barely misses you.
The orc priest closely misses you.
You hit the orc priest.
The orc priest is lightly wounded.
The orc hits you with a +2 short sword of holy wrath.
You convulse.
The orc priest misses you.
Unknown command.
You hit the orc priest but do no damage.
The orc priest is lightly wounded.
The orc hits you with a +0 dagger.
The orc wizard gestures at you while chanting.
You resist with significant effort.
The orc hits you with a +2 short sword of holy wrath.
You convulse!
* * * LOW HITPOINT WARNING * * *
The orc priest hits you with a +0 club!
You die...

......##....#..#...
......##....#..#..#
########....#).#..#
#######>#.. #.#.#
######.#.# #
#........##.#
#...........#
#......o@####
#......ooo......
#.......o....###
#............#
######....$..#
#.......# #.......#
#.......#


You could see an orc priest, an orc wizard and 3 orcs.

Vanquished Creatures
  An adder (D:2)
  2 oozes
  A worm (D:3)
  A dart slug (D:2)
  A leopard gecko (D:1)
  A giant cockroach (D:1)
  4 goblins
  6 hobgoblins
  3 jackals (D:1)
  6 kobolds
  2 bats (D:1)
  4 frilled lizards
  7 rats
39 creatures vanquished.

Notes
Turn   | Place    | Note
-------+----------+-------------------------------------------
     0 | D:1      | ANON1729 the Demonspawn Monk began the quest for the Orb.
     0 | D:1      | Reached XP level 1. HP: 18/18 MP: 1/1
   245 | D:1      | Gained mutation: Your flesh is cold resistant. (rC+)
                  | [demonic ancestry]
   245 | D:1      | Reached XP level 2. HP: 24/24 MP: 2/2
   594 | D:1      | Gained mutation: You are partially covered in slimy green
                  | scales. (AC +2) [demonic ancestry]
   594 | D:1      | Reached XP level 3. HP: 27/29 MP: 3/3
  1902 | D:3      | Noticed Grinder
  2068 | D:3      | HP: 1/29 [orc/+2 short sword of holy wrath (9)]
  2068 | D:3      | Mangled by an orc priest

Skill      XL: |  1  2 |
---------------+-------+-----
Stealth        | 2 |  2.4
Dodging        | 3 |  3.2
Polearms       | 3 |  3.1
Fighting       | |  3.5

Action                   || total
-------------------------++-------
Melee: Spear             ||   143
 Stab: Sleeping          ||     3
       Distracted        ||     1
  Eat: Chunk             ||     3
Armor: Robe              ||    12
Dodge: Dodged            ||    62
